 Dungeon Crawl Stone Soup version 0.29.1-12-g30fa7ad0bf (webtiles) character file.

Game seed: 1039509284594574046

811 Gabide the Ruffian (level 7, -1/56 HPs)
             Began as a Mummy Berserker on Dec 26, 2022.
             Was a Believer of Trog.
             Slain by an orc warrior
             ... wielding a +0 halberd
              (17 damage)
             ... on level 6 of the Dungeon.
             The game lasted 00:06:24 (4527 turns).

Gabide the Ruffian (Mummy Berserker)                Turns: 4527, Time: 00:06:25

Health: -1/56      AC:  9    Str: 22    XL:     7   Next: 61%
Magic:  7/7        EV: 13    Int:  7    God:    Trog [**....]
Gold:   382        SH:  0    Dex: 11    Spells: 6/6 levels left

rFire   x . .      SeeInvis .   e - +5 club (spect)
rCold   + . .      Faith    .   (no shield)
rNeg    + + +      Spirit   .   f - +1 robe {Will+}
rPois   ∞          Reflect  .   (no helmet)
rElec   .          Harm     .   k - +1 cloak
rCorr   .          Rampage  .   (no gloves)
Will    +++..                   (no boots)
Stlth   +.........              (no amulet)
HPRegen 1.18/turn               h - +4 ring of protection
MPRegen 0.10/turn               (no ring)

@: strong-willed (expiring), regenerating (expiring)
A: cold resistance 1, negative energy resistance 3, torment resistance 2, heat
vulnerability 1, in touch with death 1, no potions
a: Renounce Religion, Trog's Hand


You were on level 6 of the Dungeon.
You worshipped Trog.
Trog was pleased with you.
You visited 1 branch of the dungeon, and saw 6 of its levels.

You collected 382 gold pieces.

Inventory:

Hand Weapons
 e - a +5 spectral club (weapon)
Missiles
 l - 2 poisoned darts (quivered)
 n - 5 javelins
Armour
 f - a +1 robe of willpower (worn)
 k - a +1 cloak (worn)
Jewellery
 h - a +4 ring of protection (left hand)
Scrolls
 a - 4 scrolls of magic mapping
 c - a scroll of poison
 j - 2 scrolls of teleportation
 m - a scroll of silence


   Skills:
 + Level 5.2 Fighting
 - Level 1.5 Armour
 + Level 3.8 Dodging
 * Level 5.6 Unarmed Combat


You had 6 spell levels left.
You didn't know any spells.
Your spell library was empty.

Dungeon Overview and Level Annotations

Branches:
Dungeon (6/15)             Temple (0/1) D:5

Altars:

Shops:
D:3 *


Innate Abilities, Weirdness & Mutations

You are immune to poison.
Your flesh is cold resistant. (rC+)
You are immune to negative energy. (rN+++)
You are immune to unholy pain and torment.
You are vulnerable to heat. (rF-)
You are in touch with the powers of death.
You do not drink.


Message History

You hit the adder but do no damage.
Your +5 spectral club closely misses the adder.
The orc hits you with a +0 flail. The orc warrior closely misses you.
The adder closely misses you.
The orc closely misses your +5 spectral club.
The orc warrior barely misses you.
You miss the adder.
Your +5 spectral club hits the adder!
The adder barely misses your +5 spectral club.
The adder misses your +5 spectral club.
The orc warrior closely misses you. The orc hits you with a +0 flail.
You barely miss the adder.
The adder is almost dead.
Your +5 spectral club hits the adder.
You kill the adder!
Trog accepts your kill.
The orc warrior hits you from afar with a +0 halberd!
The orc hits your +5 spectral club with a +0 flail.
Unknown command.
The orc attacks as you move away! The orc misses you.
The orc attacks as you move away! The orc hits you but does no damage.
There is an open door here.
You see here 2 scrolls of amnesia.
Your skin crawls.
You feel strong-willed.
You feel the effects of Trog's Hand fading.
The orc warrior hits you with a +0 halberd.
You closely miss the orc warrior.
Your +5 spectral club hits the orc warrior.
The orc warrior hits you with a +0 halberd!
* * * LOW HITPOINT WARNING * * *
You hit the orc warrior but do no damage.
The orc warrior is lightly wounded.
Your +5 spectral club hits the orc warrior.
The orc warrior closely misses you. The orc hits you but does no damage. x2
The orc warrior completely misses you.
You hit the orc warrior but do no damage.
The orc warrior is heavily wounded.
Your +5 spectral club barely misses the orc warrior.
The orc warrior hits you with a +0 halberd!
You die...

#.......##...#
+........'...+
#.......##...#
#.......##...#
........##...#
....######...##
.... #.(....#
... #oo....#
#?@....#
#......#
#.##......#
#.........#
####.###### #..
####


You could see an orc warrior, an orc and a friendly +5 spectral club (summoned).

Vanquished Creatures
  Menkaure (D:4)
  An orc warrior (D:3)
  An ice beast (D:5)
  A scorpion (D:4)
  A bullfrog (D:6)
  A jelly (D:4)
  2 orc priests (D:4)
  A hound (D:5)
  Jessica (D:2)
  An orc wizard (D:4)
  4 gnolls (D:2)
  6 adders
  A white imp (D:4)
  2 ufetubi
  2 worms
  4 dart slugs
  11 orcs
  8 ball pythons
  5 bats
  5 endoplasms
  4 giant cockroaches
  12 goblins
  4 hobgoblins
  3 jackals (D:2)
  5 kobolds
  3 quokkas (D:4)
  4 frilled lizards
  4 rats
98 creatures vanquished.

Notes
Turn   | Place    | Note
-------+----------+-------------------------------------------
     0 | D:1      | Gabide the Mummy Berserker began the quest for the Orb.
     0 | D:1      | Reached XP level 1. HP: 18/18 MP: 1/1
   304 | D:1      | Reached XP level 2. HP: 22/24 MP: 2/2
   415 | D:1      | Found a faded altar of an unknown god.
   468 | D:1      | You fall into a shaft and drop 1 floor!
   469 | D:2      | Noticed Jessica
   484 | D:2      | Killed Jessica
   485 | D:2      | Gained mutation: You are in touch with the powers of death.
                  | [Mummy growth]
   485 | D:2      | Reached XP level 3. HP: 3/29 MP: 3/3
   993 | D:2      | Reached XP level 4. HP: 24/35 MP: 4/4
  1185 | D:2      | Reached ** piety under Trog
  1942 | D:3      | Reached XP level 5. HP: 38/42 MP: 5/5
  2000 | D:3      | Found Buehic's Assorted Antiques.
  2857 | D:4      | Reached XP level 6. HP: 45/48 MP: 6/6
  2877 | D:4      | Noticed Menkaure
  2884 | D:4      | Killed Menkaure
  3089 | D:4      | Reached *** piety under Trog
  3240 | D:4      | Noticed an orc warrior
  3418 | D:3      | Killed an orc warrior
  3419 | D:3      | Reached skill level 5 in Unarmed Combat
  3419 | D:3      | Reached XP level 7. HP: 49/55 MP: 7/7
  3742 | D:5      | Entered Level 5 of the Dungeon
  3863 | D:5      | Found a staircase to the Ecumenical Temple.
  3875 | D:5      | Reached skill level 5 in Fighting
  4527 | D:6      | Slain by an orc warrior

Illustrated notes

Levels and vault maps discovered:
D:1:      nzn_arrival_depleted_hourglass, layout_basic,
          shapermc_ecumenical_altar_mp_highgroup
D:2:      layout_loops_ring, kennysheep_flooded_box, grunt_ministairs_7,
          uniq_jessica
D:3:      layout_basic, serial_shops, nicolae_square_shop,
          minmay_misc_feat_alley
D:4:      nicolae_BIG_FREAKIN_CUBE, layout_basic, guppyfry_early_orc_mine,
          uniq_menkaure
D:5:      layout_rooms, temple_doors_cd, serial_corexii_hall,
          corexii_hall_statues_i, corexii_hall_statues_s,
          corexii_hall_statues_u, chequers_serial_rivers_micro_c,
          roderic_st_hans_cross, nrook_mini_vaults, minmay_statues_item,
          minmay_misc_feat_hallway
D:6:      layout_basic, uniq_maggie

Skill      XL: |  1  2  3  4  5  6  7 |
---------------+----------------------+-----
Dodging        | 2 3 |  3.8
Unarmed Combat | 3 4 5 |  5.6
Fighting       | 4 5 |  5.2
Armour         | |  1.5

Action                   |  1- 3 |  4- 6 |  7- 9 || total
-------------------------+-------+-------+-------++-------
Melee: Unarmed           |    41 |       |       ||    41
       Club              |    25 |   108 |    41 ||   174
       Punch             |       |     5 |     2 ||     7
Invok: Trog's Hand       |       |     2 |     1 ||     3
  Use: Scroll            |       |       |     9 ||     9
 Stab: Sleeping          |       |     2 |       ||     2
Armor: Ring mail         |    13 |       |       ||    13
       Robe              |     8 |    46 |    12 ||    66
Dodge: Dodged            |    43 |    56 |    23 ||   122
